 Dungeon Crawl Stone Soup version 0.30-b1-2-g02819fbbbe (webtiles) character file.

Game seed: 7739936875064714790

4824 Arcadio the Protected (level 10, -6/96 HPs)
             Began as an Armataur Fighter on May 6, 2023.
             Was a Follower of Uskayaw.
             Killed from afar by an electric eel (10 damage)
             ... with a bolt of electricity
             ... on level 8 of the Dungeon.
             The game lasted 00:27:41 (6934 turns).

Arcadio the Protected (Armataur Fighter)            Turns: 6934, Time: 00:27:42

Health: -6/96      AC: 17    Str: 31    XL:     10   Next: 25%
Magic:  12/12      EV:  9    Int:  8    God:    Uskayaw [*.....]
Gold:   147        SH:  5    Dex: 10    Spells: 9/9 levels left

rFire   + + .        A - +9 war axe of the Sea {flame, Will+ Dex+4}
rCold   . . .        c - +0 buckler
rNeg    . . .        G - +0 steam dragon scales
rPois   .            w - +2 helmet {SInv}
rElec   .            K - +0 cloak
rCorr   .            (no gloves)
SInv    +            (no barding)
Will    +....        j - amulet of magic regeneration
Stlth   ++           s - ring "Fiholloloi" {rF++ Str+6 Dex-5 Slay+2 Stlth+}
HPRegen 0.36/turn    x - +4 ring of protection
MPRegen 0.53/turn

%: roll
@: no status effects
A: large, rugged brown scales 3, deformed body, armoured tail, roll, long
tongue, awkward tongue
a: Renounce Religion, Stomp


You were on level 8 of the Dungeon.
You worshipped Uskayaw.
Uskayaw was noncommittal.
You visited 2 branches of the dungeon, and saw 9 of its levels.

You collected 352 gold pieces.
You spent 205 gold pieces at shops.

Inventory:

Hand Weapons
 a - a +0 long sword
 k - a +0 mace
 z - a +0 morningstar
 A - the +9 war axe of the Sea (weapon) {flame, Will+ Dex+4}
   (You found it on level 4 of the Dungeon)

   Dex:       It affects your dexterity (+4).
   Will:      It increases your willpower.
 F - a +2 whip of flaming
 M - a +2 whip of electrocution
Armour
 b - a +0 scale mail
 c - a +0 buckler (worn)
 w - a +2 helmet of see invisible (worn)
 G - +0 steam dragon scales (worn)
 K - a +0 cloak (worn)
Jewellery
 j - an amulet of magic regeneration (around neck)
 q - a +4 ring of protection
 s - the ring "Fiholloloi" (left hand) {rF++ Str+6 Dex-5 Slay+2 Stlth+}
   (You found it on level 2 of the Dungeon)

   [ring of strength]

   Str:       It affects your strength (+6).
   Dex:       It affects your dexterity (-5).
   Slay:      It affects your accuracy & damage with ranged weapons and melee
   (+2).
   rF:        It greatly protects you from fire.
   Stlth:     It makes you more stealthy.
 x - a +4 ring of protection (right hand)
Wands
 v - a wand of digging (1)
 B - a wand of light (7)
 I - a wand of mindburst (11)
 J - a wand of iceblast (8)
Scrolls
 m - 2 scrolls of fear {unknown}
 n - 3 scrolls of teleportation
 o - a scroll of immolation {unknown}
 p - 3 scrolls of enchant armour
 u - a scroll of amnesia {unknown}
 C - a scroll of poison {unknown}
 H - a scroll of vulnerability {unknown}
 L - a scroll of acquirement {unknown}
Potions
 d - 2 potions of might
 f - 2 potions of attraction
 g - 2 potions of haste
 h - 11 potions of curing
 i - 3 potions of magic
 l - a potion of berserk rage
 r - a potion of resistance {unknown}
 t - a potion of brilliance
 y - a potion of lignification
 D - 2 potions of invisibility
 E - 2 potions of flight


   Skills:
 + Level 8.8 Fighting
 - Level 2.3 Long Blades
 + Level 11.3 Armour
 - Level 8.2 Shields
 + Level 3.7 Invocations


You had 9 spell levels left.
You didn't know any spells.
Your spell library contained the following spells:

 Spells                   Type           Power      Damage    Failure   Level
 Freeze                   Ice            0%         1d3       43%         1
 Magic Dart               Conj           0%         1d3       43%         1
 Call Imp                 Summ           0%         N/A       58%         2
 Lesser Beckoning         Tloc           0%         N/A       58%         2
 Frozen Ramparts          Ice            0%         1d1       82%         3
 Gell's Gravitas          Tloc           0%         N/A       82%         3
 Hailstorm                Conj/Ice       0%         3d3       82%         3
 Mephitic Cloud           Conj/Pois/Air  0%         N/A       82%         3
 Stone Arrow              Conj/Erth      0%         3d7       82%         3
 Teleport Other           Tloc           0%         N/A       82%         3
 Animate Armour           Summ/Erth      0%         N/A       99%         4
 Lehudib's Crystal Spear  Conj/Erth      0%         10d2      100%        8


Dungeon Overview and Level Annotations

Branches:
Dungeon (8/15) Zot: 26062  Temple (1/1) D:6 Zot: 5949    Lair (0/5) D:8

Altars:
Ashenzari
Cheibriados
Dithmenos
Elyvilon
Fedhas
Gozag
Hepliaklqana
Kikubaaqudgha
Makhleb
Nemelex Xobeh
Okawaru
Qazlal
Ru
Sif Muna
Trog
Uskayaw
Vehumet
Wu Jian
Xom
Yredelemnul
Zin
The Shining One

Shops:
D:4 :   D:5 ?**   D:7 [

Annotations:
D:6 3 runed translucent doors, windycow's ghost, novice BaHu
D:7 2 transporters
Temple 2 transporters


Innate Abilities, Weirdness & Mutations

You are completely covered in rugged brown scales. (AC +3, +7% HP)
Armour fits poorly on your strangely shaped body.
You have a long armoured tail.
You roll when moving toward enemies. (Rampage)
Your long tongue fully drains potion bottles. (2x potion effects)
Your tongue gives you trouble enunciating. (1.5x scroll delay)


Message History

The electric eel shoots out a bolt of lightning at you!
The bolt of electricity hits you.
The electric eel shoots out a bolt of lightning at you!
The bolt of electricity hits you!
The electric eel shoots out a bolt of lightning at you!
The bolt of electricity hits you but does no damage.
The electric eel shoots out a bolt of lightning at you!
The bolt of electricity misses you.
The electric eel shoots out a bolt of lightning at you!
The bolt of electricity hits you!
* * * LOW HITPOINT WARNING * * *
You feel better.
You slurp down every last drop of the potion of curing!
The electric eel shoots out a bolt of lightning at you!
The bolt of electricity hits you.
The electric eel shoots out a bolt of lightning at you!
The bolt of electricity hits you!
The electric eel shoots out a bolt of lightning at you!
The bolt of electricity misses you.
The electric eel shoots out a bolt of lightning at you!
The bolt of electricity hits you.
* * * LOW HITPOINT WARNING * * *
The electric eel shoots out a bolt of lightning at you!
The bolt of electricity hits you!
* * * LOW HITPOINT WARNING * * *
You feel better.
You slurp down every last drop of the potion of curing!
The electric eel shoots out a bolt of lightning at you!
The bolt of electricity hits you.
The electric eel shoots out a bolt of lightning at you!
The bolt of electricity hits you!
* * * LOW HITPOINT WARNING * * *
The electric eel shoots out a bolt of lightning at you!
The bolt of electricity hits you!
* * * LOW HITPOINT WARNING * * *
As you slowly read the scroll of fog, it crumbles to dust.
The scroll dissolves into smoke.
The electric eel shoots out a bolt of lightning at you!
The bolt of electricity hits you!
You die...

#..##'#.........~~~~.~~~≈≈≈~~
#.....'........~S~≈~S≈S~≈~~~~
#.....#........~..S~~.~~..~~.
#.....#......~....~.~........
##'##.#..............~.......
....########..#.....#####....
....# #.....#.....# ... ....#
#.....#§§§..# . ....#
#.....'§@§§.# ....#
#....<#§§§..# ....#
#######§.§§.# ##### #######


You could see 4 electric eels.

Vanquished Creatures
  Pikel (D:4)
  Maggie (D:7)
  A troll (D:8)
  4 yaks (D:8)
  A wyvern (D:8)
  3 steam dragons
  2 vampire mosquitoes (D:7)
  Duvessa (D:7)
  An ice beast (D:6)
  2 ogres
  3 wolves (D:8)
  2 centaurs
  2 phantoms (D:7)
  4 bullfrogs
  A gnoll sergeant (D:8)
  6 scorpions
  Dowan (D:7)
  A howler monkey (D:8)
  2 jellies
  4 orc priests
  10 hounds
  4 iguanas
  2 sleepcaps
  An orc wizard (D:7)
  3 gnolls (D:8)
  7 adders
  A white imp (D:5)
  An ufetubus (D:6)
  2 worms
  A dart slug (D:1)
  19 orcs
  7 endoplasms
  3 giant cockroaches
  12 goblins
  6 hobgoblins
  6 kobolds
  2 quokkas (D:2)
  3 ball pythons
  A bat (D:1)
  3 frilled lizards
  A rat (D:1)
138 creatures vanquished.

Notes
Turn   | Place    | Note
-------+----------+-------------------------------------------
     0 | D:1      | Arcadio the Armataur Fighter began the quest for the Orb.
     0 | D:1      | Reached XP level 1. HP: 19/19 MP: 1/1
    66 | D:1      | Reached XP level 2. HP: 22/26 MP: 2/2
   168 | D:1      | Reached skill level 4 in Armour
   651 | D:2      | Reached XP level 3. HP: 14/33 MP: 3/3
  1141 | D:2      | Identified the ring "Fiholloloi" {rF++ Str+6 Dex-5 Slay+2
                  | Stlth+}
  1643 | D:3      | Found a white marble altar of Elyvilon.
  1656 | D:3      | Became a worshipper of Elyvilon the Healer
  1711 | D:3      | Found a shadowy altar of Dithmenos.
  1727 | D:3      | Reached XP level 4. HP: 29/40 MP: 4/4
  1889 | D:3      | Reached skill level 5 in Armour
  2068 | D:3      | Found an opulent altar of Gozag.
  2181 | D:3      | Found a shimmering blue altar of Sif Muna.
  2356 | D:4      | Noticed a lemure
  2356 | D:4      | Noticed a lemure
  2426 | D:4      | Noticed a scorpion
  2434 | D:3      | Killed a scorpion
  2435 | D:3      | Reached XP level 5. HP: 38/49 MP: 5/5
  2533 | D:4      | Reached * piety under Elyvilon
  2566 | D:4      | Noticed a lemure
  2568 | D:4      | Noticed Pikel
  2569 | D:4      | Noticed a lemure
  2633 | D:4      | Noticed a +0 hand axe
  2633 | D:4      | Noticed a +0 dagger
  2639 | D:4      | Found a hide-covered altar of Uskayaw.
  2688 | D:4      | Fell from the grace of Elyvilon
  2688 | D:4      | Became a worshipper of Uskayaw the Reveller
  2713 | D:4      | Noticed an ogre
  2842 | D:4      | Reached * piety under Uskayaw
  2843 | D:4      | Reached skill level 6 in Armour
  2847 | D:4      | Reached ** piety under Uskayaw
  2913 | D:4      | Reached XP level 6. HP: 34/56 MP: 6/6
  3147 | D:4      | Identified the +9 war axe of the Sea {flame, Will+ Dex+4}
  3187 | D:4      | Found Cihok's Self-Improvement Boutique.
  3512 | D:4      | Killed Pikel
  3513 | D:4      | Reached skill level 5 in Fighting
  3513 | D:4      | Reached skill level 7 in Armour
  3513 | D:4      | Reached skill level 5 in Shields
  3513 | D:4      | Reached XP level 7. HP: 64/66 MP: 7/7
  3585 | D:5      | Entered Level 5 of the Dungeon
  3733 | D:5      | Reached XP level 8. HP: 68/74 MP: 8/8
  3961 | D:5      | Reached skill level 8 in Armour
  4052 | D:5      | Found Norhim's Magic Scroll Shoppe.
  4060 | D:5      | Bought a scroll of identify for 20 gold pieces
  4060 | D:5      | Bought a scroll of identify for 20 gold pieces
  4060 | D:5      | Bought a scroll of identify for 20 gold pieces
  4060 | D:5      | Bought a scroll of enchant armour for 75 gold pieces
  4126 | D:5      | Found Viapt's Specific Store.
  4127 | D:5      | Found Maecan's General Store.
  4156 | D:5      | Bought a scroll of identify for 28 gold pieces
  4156 | D:5      | Bought a scroll of identify for 28 gold pieces
  4156 | D:5      | Bought a potion of degeneration for 14 gold pieces
  4645 | D:6      | Found a runed translucent gate.
  4645 | D:6      | Found a runed translucent gate.
  4645 | D:6      | Found a runed translucent gate.
  4645 | D:6      | Noticed windycow's ghost (novice BaHu)
  4699 | D:6      | Found a staircase to the Ecumenical Temple.
  4709 | Temple   | Entered the Ecumenical Temple
  4709 | Temple   | Found a transporter.
  4709 | Temple   | Found a transporter.
  4711 | Temple   | Found a transporter.
  4711 | Temple   | Found a transporter.
  5255 | D:7      | Reached skill level 9 in Armour
  5292 | D:7      | Noticed Dowan
  5357 | D:7      | Reached XP level 9. HP: 55/84 MP: 9/9
  5469 | D:7      | Noticed Maggie
  5493 | D:7      | Reached *** piety under Uskayaw
  5497 | D:7      | Reached **** piety under Uskayaw
  5498 | D:7      | Killed Maggie
  5629 | D:7      | Reached skill level 10 in Armour
  5653 | D:7      | Found a transporter.
  5660 | D:7      | Found Pipraeph's Antique Armour Shoppe.
  5804 | D:7      | Found a transporter.
  5856 | D:7      | Noticed Duvessa
  5862 | D:7      | Killed Duvessa
  5863 | D:7      | Killed Dowan
  6053 | D:8      | Reached skill level 1 in Invocations
  6057 | D:8      | Reached ***** piety under Uskayaw
  6058 | D:8      | Noticed a troll
  6230 | D:8      | Found a staircase to the Lair.
  6612 | D:8      | Reached skill level 11 in Armour
  6612 | D:8      | Reached XP level 10. HP: 76/96 MP: 8/12
  6933 | D:8      | HP: 3/96 [electric eel/bolt of electricity (11)]
  6934 | D:8      | Killed from afar by an electric eel

Illustrated notes

Levels and vault maps discovered:
D:1:      ncdulo_watergridlock, layout_rooms
D:2:      layout_basic
D:3:      layout_basic, mainiacjoe_overflow_small_starburst,
          mainiacjoe_overflow_big_doors, elyvilon_altar_3
D:4:      layout_loops_corners, dancing_weapons_uskayaw,
          minmay_misc_feat_plants, chequers_serial_rivers_room_b,
          nicolae_shop_self_help, uniq_pikel
D:5:      layout_gridville, serial_shops, shop, nicolae_specific_store
D:6:      nicolae_cairo_tiling_very_big, layout_gridville,
          minmay_temple_entry_sparse_star, gammafunk_ghost_nasty_kobolds,
          hangedman_abyss_or_decor_jellyfish_corner
D:7:      layout_loops_ring, serial_shops, nicolae_shop_drivethru, uniq_duvessa,
          uniq_maggie
D:8:      layout_gridville, erik_lair_island
Temple:   hellmonk_temple_divided_pantheon

Skill      XL: |  1  2  3  4  5  6  7  8  9 10 |
---------------+-------------------------------+-----
Long Blades    | 2 |  2.3
Fighting       | 3 4 5 7 8 |  8.8
Armour         | 4 5 6 7 9 11 | 11.3
Shields        | 5 7 8 |  8.2
Invocations    | 2 3 |  3.7

Action                     |  1- 3 |  4- 6 |  7- 9 | 10-12 || total
---------------------------+-------+-------+-------+-------++-------
  Melee: Long sword        |    60 |       |       |       ||    60
         Tailslap          |    11 |     4 |    19 |     3 ||    37
         Mace              |    33 |    52 |       |       ||    85
         Morningstar       |       |    45 |       |       ||    45
         War axe           |       |    10 |   135 |    21 ||   166
 Invoke: Line Pass         |       |       |     2 |       ||     2
         Stomp             |       |       |     1 |       ||     1
    Use: Scroll            |     4 |     2 |     7 |     1 ||    14
         Potion            |       |       |     1 |     4 ||     5
   Stab: Paralysed         |       |       |     6 |     5 ||    11
         Sleeping          |       |       |     5 |       ||     5
         Distracted        |       |       |       |     1 ||     1
 Armour: Scale mail        |    56 |    71 |    25 |       ||   152
         Steam dragon scal |       |       |    55 |    16 ||    71
  Dodge: Dodged            |    33 |    38 |    65 |    18 ||   154
  Block: Buckler           |    10 |    17 |    38 |     5 ||    70
